Map: Orbital Shipyard

Players

MCanning - Winner!

  • Race: Protoss Protoss
  • League: Grandmaster

BuildingS

  • Race: Zerg Zerg
  • League: Master

VOD

http://www.twitch.tv/mcanning/v/30690643

Description

Time

  • Played on: Dec. 19, 2015, 1:13 a.m.
  • Length: 9:55
Show
View Real Time Build Order
Export as new Build Order

MCanning Protoss - Winner!

Build Orders: Nexus First 

Get SALT Encoding   

  12  0:01  Probe (Chrono Boost)  
  13  0:11  Probe (Chrono Boost)  
  14  0:24  Pylon  
  14  0:25  Probe (Chrono Boost)  
  15  0:42  Probe (Chrono Boost)  
  16  0:53  Probe (Chrono Boost)  
  17  0:59  Nexus  
  17  1:10  Gateway  
  17  1:14  Probe (Chrono Boost)  
  18  1:21  Assimilator  
  18  1:24  Probe (Chrono Boost)  
  19  1:28  Assimilator  
  19  1:35  Probe (Chrono Boost)  
  20  1:40  Pylon  
  20  1:45  Probe (Chrono Boost)  
  21  1:56  Probe (Chrono Boost)  
  22  2:03  Cybernetics Core  
  22  2:06  Probe (Chrono Boost)  
  23  2:12  Probe (Chrono Boost)  
  24  2:17  Probe (Chrono Boost)  
  26  2:22  Probe (Chrono Boost)  
  26  2:27  Probe (Chrono Boost), Pylon  
  27  2:33  Probe (Chrono Boost)  
  28  2:38  Probe (Chrono Boost)  
  28  2:43  Probe (Chrono Boost)  
  30  2:47  Mothership Core (Chrono Boost), Zealot (Chrono Boost)  
  33  2:54  Probe, Warp Gate (Chrono Boost)  
  34  3:06  Probe (Chrono Boost)  
  34  3:07  Probe (Chrono Boost)  
  34  3:12  Stalker (Chrono Boost)  
  38  3:18  Probe (Chrono Boost)  
  38  3:19  Probe (Chrono Boost)  
  40  3:27  Probe (Chrono Boost)  
  40  3:30  Gateway, Probe (Chrono Boost)  
  40  3:31  Gateway  
  42  3:39  Probe (Chrono Boost)  
  42  3:40  Sentry  
  45  3:42  Probe (Chrono Boost)  
  45  3:43  Robotics Facility  
  46  3:50  Probe (Chrono Boost)  
  46  3:52  Probe (Chrono Boost)  
  48  3:56  Pylon  
  48  4:00  Probe (Chrono Boost)  
  49  4:07  Pylon  
  48  4:10  Probe (Chrono Boost)  
  48  4:11  Probe  
  48  4:15  Gateway  
  48  4:20  Probe  
  49  4:25  Probe  
  49  4:30  Warp Prism (Chrono Boost)  
  52  4:31  Probe  
  52  4:37  Probe  
  54  4:42  Probe  
  55  4:48  Nexus  
  55  4:49  Probe  
  55  4:50  Pylon  
  55  4:52  Probe  
  56  4:53  Pylon  
  56  4:55  Assimilator  
  56  4:58  Forge, Pylon  
  56  4:59  Sentry x2, Assimilator  
  61  5:01  Probe  
  62  5:09  Observer (Chrono Boost)  
  62  5:13  Gateway  
  63  5:15  Gateway, Probe  
  63  5:16  Probe  
  65  5:24  Robotics Bay  
  65  5:26  Twilight Council  
  65  5:27  Probe, Adept x2, Observer (Chrono Boost)  
  71  5:29  Adept  
  71  5:34  Adept, Protoss Ground Weapons Level 1 (Chrono Boost)  
  71  5:35  Probe  
  76  5:43  Probe  
  76  5:46  Pylon  
  76  5:49  Probe  
  77  5:55  Gateway  
  77  5:56  Probe  
  79  6:00  Probe, Assimilator  
  79  6:02  Probe  
  81  6:04  Blink (Chrono Boost)  
  81  6:05  Assimilator  
  81  6:08  Probe  
  82  6:13  Probe  
  83  6:21  Disruptor (Chrono Boost)  
  83  6:23  Probe  
  83  6:24  Photon Cannon  
  87  6:26  Photon Cannon  
  87  6:27  Photon Cannon  
  87  6:39  Probe  
  84  6:40  Probe  
  84  6:44  Gateway  
  84  6:46  Gateway  
  85  6:49  Gateway  
  85  6:51  Pylon  
  85  6:53  Stalker  
  85  6:54  Stalker x3  
  89  6:57  Disruptor (Chrono Boost)  
  96  7:03  Pylon  
  96  7:04  Pylon  
  96  7:11  Protoss Ground Weapons Level 2  
  96  7:12  Pylon  
  96  7:14  Pylon  
  96  7:19  Stalker x5  
  106  7:24  Probe x3  
  109  7:36  Probe, Disruptor  
  113  7:49  Stalker x2  
  113  7:50  Stalker x4  
  110  8:08  Probe  
  110  8:09  Stalker x4  
  110  8:12  Disruptor (Chrono Boost)  
  116  8:20  Probe  
  117  8:30  Stalker x2  
  117  8:31  Stalker x4  
  117  8:32  Stalker x4  
  137  8:34  Probe  
  137  8:41  Probe  
  139  8:56  Stalker x2  
  139  8:57  Stalker x3  
  149  9:05  Nexus  
  149  9:07  Pylon x2  
  149  9:09  Pylon  
  149  9:16  Pylon  
  149  9:19  Pylon  
  149  9:24  Probe  
  148  9:32  Probe  
  148  9:35  Stalker x3  
  148  9:36  Stalker  
  148  9:40  Stalker x3  
  148  9:44  Stalker x2  
  138  9:46  Stalker  
Show
View Real Time Build Order
Export as new Build Order

BuildingS Zerg 

Build Orders: Hatch First 

Get SALT Encoding   

  12  0:03  Drone  
  13  0:12  Overlord  
  13  0:18  Drone  
  14  0:31  Drone x2  
  16  0:35  Drone  
  17  0:55  Hatchery  
  16  0:57  Drone  
  16  1:00  Drone  
  18  1:07  Extractor  
  18  1:09  Drone  
  18  1:21  Spawning Pool  
  18  1:23  Drone  
  18  1:31  Drone  
  19  1:40  Drone  
  20  1:50  Overlord  
  20  2:08  Queen x2  
  20  2:09  Metabolic Boost  
  25  2:15  Drone x2  
  25  2:16  Drone  
  27  2:27  Zergling x4  
  27  2:29  Drone  
  30  2:35  Drone  
  31  2:44  Zergling x2  
  31  2:45  Zergling x2  
  33  2:59  Hatchery, Evolution Chamber  
  33  3:00  Queen  
  33  3:05  Overlord  
  33  3:10  Zergling x4  
  33  3:11  Zergling x2  
  36  3:25  Zergling x10  
  36  3:26  Zergling x2  
  42  3:29  Drone  
  42  3:31  Drone  
  44  3:36  Extractor  
  44  3:40  Drone  
  44  3:54  Overlord x2  
  43  3:56  Drone  
  43  4:02  Drone x2  
  43  4:03  Drone  
  43  4:05  Drone  
  42  4:10  Drone x4  
  44  4:18  Drone x2  
  44  4:23  Roach Warren  
  45  4:27  Drone  
  45  4:30  Queen  
  45  4:31  Drone x3  
  49  4:33  Drone  
  52  4:39  Drone  
  52  4:40  Drone  
  54  4:46  Extractor  
  54  4:49  Lair  
  54  4:50  Drone  
  54  4:51  Drone x4  
  58  4:55  Overlord x2, Extractor  
  57  5:09  Zerg Melee Weapons Level 1  
  57  5:11  Overlord  
  57  5:12  Drone  
  58  5:18  Roach x3  
  64  5:27  Overlord  
  64  5:32  Drone  
  64  5:33  Baneling Nest, Roach x4  
  64  5:35  Overlord x2  
  72  5:44  Overlord  
  72  5:54  Drone x3  
  75  5:58  Spore Crawler, Glial Reconstitution  
  75  6:02  Roach x6  
  86  6:05  Drone x2  
  86  6:08  Spore Crawler  
  86  6:09  Overseer  
  86  6:14  Drone x3  
  88  6:25  Drone x7  
  95  6:30  Overlord  
  93  6:34  Drone x2  
  93  6:41  Overlord  
  93  6:47  Spine Crawler  
  93  6:48  Zergling x2  
  93  6:49  Zergling x14  
  93  6:52  Spine Crawler  
  93  6:54  Spore Crawler  
  98  7:01  Overlord  
  98  7:05  Centrifical Hooks  
  98  7:08  Roach  
  98  7:09  Roach x4  
  98  7:11  Overlord  
  108  7:19  Drone  
  108  7:20  Drone x4  
  113  7:23  Ravager x2  
  113  7:24  Ravager x5  
  113  7:25  Zergling x6  
  113  7:29  Baneling  
  123  7:30  Baneling x4  
  123  7:35  Zergling x10  
  123  7:37  Overlord  
  108  7:48  Roach x5  
  108  7:50  Ravager  
  110  7:58  Zergling x2  
  110  7:59  Zergling x10  
  107  8:07  Roach x6  
  104  8:15  Roach x2  
  100  8:20  Extractor  
  100  8:22  Extractor  
  100  8:26  Drone  
  102  8:27  Drone x4  
  102  8:29  Baneling x6  
  102  8:30  Baneling x3  
  103  8:42  Roach  
  103  8:43  Roach x4  
  113  8:50  Zergling x16  
  113  8:53  Hatchery  
  113  8:55  Overlord  
  120  8:58  Ravager x2  
  120  8:59  Ravager  
  121  9:03  Zergling x10  
  126  9:11  Ravager x2  
  126  9:14  Zergling x10  
  133  9:20  Overlord x2  
Tags
 
Add a new tag
Caveats
  • Supply blocks, unpowered buildings, or Contaminate may cause inaccurate times.
  • Supply counts are checked every 10 seconds.